[Event "FIDE U16 Olympiad_boards_1-80"]
[Site "Eindhoven, Netherlands"]
[Date "2023.08.13"]
[Round "1.80"]
[White "Fan, Wen Xi"]
[Black "Karaivanova, Petya"]
[Result "0-1"]
[TimeControl "2700+10"]
[WhiteElo "1281"]
[BlackElo "1680"]

1. e4 e5 2. c4 Nc6 3. Nc3 Bc5 4. g3 d6 5. Bg2 Nge7 6. Nge2 O-O 7. O-O a5 8. d3 f5 9. Kh1 Be6 10.
f4 Qd7 11. Nd5 Ng6 12. Be3 Nd4 13. Ndc3 c6 14. Qd2 Ba7 15. Rab1 fxe4 16. Bxe4 Bh3 17. Bg2 Bxg2+ 18. Kxg2 Qg4 19.
Bxd4 exd4 20. Nd1 Nh4+ 21. Kh1 Nf3 22. Qc2 Rae8 23. Rf2 Ng5 24. Ng1 Nh3 25. Nxh3 Qxh3 26. Rg2 Re1+ 27. Rg1 Qe6 28.
Rxe1 Qxe1+ 29. Kg2 Re8 30.
Nf2 Qe6 31. b3 d5 0-1